Map: Acid Plant LE

Players

HateMe - Winner!

  • Race: Zerg Zerg
  • Spawn Location: 5:00

Chendar

  • Race: Zerg Zerg
  • Spawn Location: 11:00

Event: WCS Leipzig 2018

VOD

Have the link to the VOD?

Description

Time

  • Played on: Jan. 26, 2018, 8:04 a.m.
  • Length: 6:19

All games in this series

Show
View Real Time Build Order
Export as new Build Order

HateMe Zerg - Winner!

Build Orders: Hatch First, Zergling Baneling 

Get SALT Encoding   

  12  0:02  Drone  
  13  0:12  Overlord  
  13  0:17  Drone  
  14  0:31  Drone x2  
  14  0:35  Drone  
  17  0:51  Hatchery  
  17  0:55  Drone  
  17  0:58  Drone  
  17  1:02  Extractor  
  17  1:13  Spawning Pool  
  17  1:16  Drone  
  17  1:20  Drone  
  18  1:31  Drone  
  19  1:42  Overlord  
  19  1:52  Drone  
  20  1:59  Queen  
  20  2:00  Zergling x2  
  23  2:03  Queen  
  23  2:04  Zergling x2  
  23  2:05  Metabolic Boost  
  26  2:13  Drone  
  28  2:15  Drone  
  28  2:26  Baneling Nest, Drone  
  28  2:32  Zergling x4  
  30  2:37  Queen  
  30  2:43  Drone x2  
  34  2:49  Overlord  
  34  2:57  Zergling x2  
  36  2:58  Zergling x2  
  36  3:05  Zergling x2  
  36  3:09  Baneling x2  
  36  3:10  Baneling  
  36  3:13  Zergling x2  
  36  3:14  Zergling x8  
  38  3:27  Zergling x8  
  40  3:35  Baneling  
  40  3:36  Baneling  
  40  3:37  Baneling  
  40  3:39  Drone x2  
  42  3:44  Overlord  
  42  3:52  Baneling x2  
  42  4:00  Hatchery  
  41  4:06  Drone x2  
  41  4:08  Drone  
  41  4:09  Drone  
  45  4:10  Drone  
  45  4:14  Drone  
  45  4:23  Drone x4  
  49  4:25  Drone  
  49  4:27  Drone  
  49  4:30  Drone  
  51  4:38  Overlord  
  51  4:45  Drone  
  48  4:56  Extractor  
  48  4:57  Extractor  
  48  4:58  Evolution Chamber  
  48  4:59  Lair  
  44  5:00  Roach Warren  
  44  5:02  Zergling x10  
  44  5:03  Zergling x4  
  50  5:11  Zergling x2  
  50  5:12  Zergling x6  
  54  5:14  Baneling x2  
  54  5:22  Drone x2  
  54  5:26  Drone x3  
  59  5:32  Drone  
  60  5:36  Drone  
  60  5:41  Drone  
  61  5:43  Drone  
  61  5:44  Drone x2  
  61  5:45  Drone  
  65  5:55  Overlord  
  64  6:04  Drone x3  
  64  6:05  Drone  
Show
View Real Time Build Order
Export as new Build Order

Chendar Zerg 

Build Orders: Pool First, Zergling Baneling 

Get SALT Encoding   

  12  0:00  Drone  
  13  0:12  Overlord  
  13  0:16  Drone  
  14  0:31  Drone x2  
  14  0:35  Drone  
  17  0:38  Extractor  
  16  0:46  Drone  
  17  0:51  Spawning Pool  
  17  0:56  Drone  
  17  1:07  Drone  
  18  1:21  Hatchery  
  18  1:24  Drone  
  18  1:29  Drone  
  19  1:38  Metabolic Boost  
  19  1:46  Queen  
  21  1:53  Overlord  
  21  1:57  Drone  
  22  2:03  Baneling Nest  
  21  2:10  Zergling x2  
  21  2:12  Zergling x2  
  23  2:22  Queen  
  25  2:23  Zergling x2  
  26  2:32  Zergling x2  
  26  2:35  Zergling x2  
  28  2:43  Zergling x2  
  29  2:45  Overlord  
  29  2:53  Drone  
  29  2:54  Drone  
  29  2:55  Drone x2  
  33  3:00  Baneling x3  
  33  3:01  Baneling  
  33  3:03  Drone  
  34  3:07  Zergling x2  
  34  3:11  Drone  
  36  3:16  Drone  
  37  3:26  Drone  
  37  3:27  Drone  
  36  3:31  Zergling x8  
  37  3:36  Baneling x2  
  37  3:37  Drone x2  
  37  3:39  Drone  
  40  3:43  Zergling x2  
  40  3:44  Zergling x2  
  42  3:51  Overlord  
  42  3:54  Baneling x2  
  42  3:56  Drone  
  43  4:03  Drone  
  43  4:04  Overlord x2  
  43  4:07  Overlord  
  44  4:14  Drone x2  
  44  4:15  Drone x2  
  47  4:27  Drone  
  47  4:31  Baneling  
  47  4:32  Baneling  
  47  4:33  Zergling x4  
  49  4:40  Hatchery  
  46  4:46  Roach Warren  
  41  4:52  Drone x2  
  41  4:53  Drone  
  41  4:58  Drone  
  41  4:59  Drone x2  
  45  5:00  Lair  
  45  5:08  Overlord  
  45  5:09  Drone  
  45  5:10  Drone x2  
  45  5:12  Extractor  
  45  5:13  Drone  
  48  5:22  Drone x4  
  51  5:35  Roach x2  
  55  5:38  Roach x3  
  61  5:44  Roach  
  62  5:53  Roach x3  
  62  5:54  Overlord  
  62  5:56  Extractor  
Tags
 
Add a new tag
Caveats
  • Supply blocks, unpowered buildings, or Contaminate may cause inaccurate times.
  • Supply counts are checked every 10 seconds.